[Event "Live Chess"]
[Site "Chess.com"]
[Date "2023.05.20"]
[Round "-"]
[White "mightysmasher"]
[Black "alanmike75"]
[Result "1-0"]
[WhiteElo "2133"]
[BlackElo "1509"]
[TimeControl "300"]
[EndTime "11:25:07 PDT"]
[Termination "mightysmasher won by resignation"]

1. e4 e5 2. Nf3 Nc6 3. d4 exd4 4.
Nxd4 Nf6 5. Nc3 Bc5 6. Be3 O-O 7.
Nxc6 Bxe3 8. Nxd8 Bxf2+ 9. Kxf2 Rxd8 10. e5 Ng4+ 11. Qxg4 d5 12. Qg3 d4 13. Ne4 d3 14.
Bxd3 Rxd3 15. Qxd3 1-0

[Event "Live Chess"]
[Site "Chess.com"]
[Date "2023.05.20"]
[Round "-"]
[White "OleksiyJr1"]
[Black "ViktorTheCoolBoy"]
[Result "0-1"]
[WhiteElo "909"]
[BlackElo "2543"]
[TimeControl "300"]
[EndTime "11:25:08 PDT"]
[Termination "ViktorTheCoolBoy won by resignation"]

1. e4 g6 2. Nc3 Bg7 3. Nf3 d6 4. d4 a6 5. Be3 b5 6. a3 Nd7 7. Bd3 Bb7 8. Kf1 e6 9. d5 e5 10. g3 h6 11. Kg2 Ne7 12. Re1 O-O 13.
Kg1 c6 14. dxc6 Bxc6 15. b4 Rc8 16. Ne2 d5 17. Nd2 d4 0-1

[Event "Live Chess"]
[Site "Chess.com"]
[Date "2023.05.20"]
[Round "-"]
[White "minenko-1958"]
[Black "BostonStrangler"]
[Result "0-1"]
[WhiteElo "1401"]
[BlackElo "2062"]
[TimeControl "300"]
[EndTime "11:25:09 PDT"]
[Termination "BostonStrangler won by resignation"]

1. e4 c5 2. Nf3 g6 3. h3 Nc6 4. c3 Bg7 5. Bc4 e6 6. d3 Nge7 7. O-O d5 8. exd5 exd5 9. Bb3 O-O 10. Bc2 f6 11. Bf4 Be6 12. d4 c4 13. Nbd2 Qd7 14.
Bh2 b5 15. a3 a5 16. b3 Bf5 17. bxc4 Bxc2 18. Qxc2 bxc4 19. a4 Nf5 20. Rfe1 Nd6 21. Rab1 Rfe8 22. Nf1 f5 23. Rb6 Rxe1 24. Nxe1 Ne4 25. Nf3 h6 26. N1d2 g5 27. Nxe4 fxe4 28. Ne5 Nxe5 29. dxe5 Qf5 30. e6 Re8 31. Rb5 Rxe6 32.
Rxa5 Rb6 33. Rb5 Rxb5 34. axb5 d4 35. cxd4 Qxb5 36. Qxe4 c3 37. Qc2 Bxd4 38. g4 Bg7 39. Qg6 Qc5 40. Qe8+ Qf8 41. Qe6+ Qf7 42. Qc8+ Kh7 43.
Qc4 Qxc4 0-1

[Event "Live Chess"]
[Site "Chess.com"]
[Date "2023.05.20"]
[Round "-"]
[White "TheSmoulderingMaster"]
[Black "PiotrD11"]
[Result "0-1"]
[WhiteElo "1769"]
[BlackElo "1352"]
[TimeControl "300"]
[EndTime "11:25:15 PDT"]
[Termination "PiotrD11 won by resignation"]

1. e4 d5 2. exd5 Nf6 3. Bb5+ Bd7 4. Bc4 c6 5. dxc6 Nxc6 6. Nf3 e6 7. O-O Bd6 8. d4 O-O 9. Nc3 a6 10. Bg5 Be7 11. Re1 h6 12. Bh4 b5 13. Bd3 Qc7 14. Bg3 Bd6 15. Ne5 Nd5 16. Ne4 Nxe5 17. dxe5 Bxe5 18.
Bxe5 Qxe5 19. Nc5 Qc7 20. Ne4 Rad8 21. b3 Bc8 22. c4 Nb4 23. Re3 Bb7 24. Qf3 Nxd3 25.
Rxd3 bxc4 26. bxc4 Qxc4 27. Re3 f5 28. Nc3 Bxf3 0-1

[Event "Live Chess"]
[Site "Chess.com"]
[Date "2023.05.20"]
[Round "-"]
[White "MaximKris"]
[Black "Davidagye"]
[Result "1-0"]
[WhiteElo "1874"]
[BlackElo "1674"]
[TimeControl "300"]
[EndTime "11:25:16 PDT"]
[Termination "MaximKris won by checkmate"]

1. e4 Nf6 2. Nc3 d6 3. Nf3 Nbd7 4. d4 e5 5. dxe5 dxe5 6. Bg5 c6 7. Bc4 h6 8. Bxf7+ Kxf7 9. Nxe5+ Ke8 10. Bxf6 Qxf6 11.
Qh5+ g6 12. Nxg6 Qf7 13. O-O-O Rg8 14. Qh3 Rxg6 15. e5 Nxe5 16. Qh4 Be7 17. Qd4 Bf6 18.
Rhe1 Qe7 19. f4 Rg4 20. h3 Rxg2 21. fxe5 Bg7 22. Ne4 Bf5 23. Nd6+ Qxd6 24. exd6+ Kd8 25. Qh4+ Kc8 26. Re8+ Kd7 27. Qe7# 1-0

[Event "Live Chess"]
[Site "Chess.com"]
[Date "2023.05.20"]
[Round "-"]
[White "BillythekidFellowes"]
[Black "Yehor20132013"]
[Result "1-0"]
[WhiteElo "2019"]
[BlackElo "560"]
[TimeControl "300"]
[EndTime "11:25:22 PDT"]
[Termination "BillythekidFellowes won by checkmate"]

1. e4 e5 2. Nf3 Bd6 3. Bc4 Nf6 4. d4 c6 5. dxe5 Bxe5 6. Nxe5 d6 7. Nxf7 Qe7 8. Nxd6+ Qxd6 9. Qxd6 Nxe4 10. Qe5+ Kd7 11.
Be6+ Ke7 12. Qxe4 Kf6 13. Qf5+ Ke7 14. Bg5+ Ke8 15. Qf7# 1-0

[Event "Live Chess"]
[Site "Chess.com"]
[Date "2023.05.20"]
[Round "-"]
[White "raminguy"]
[Black "lightningorderyt"]
[Result "1-0"]
[WhiteElo "1979"]
[BlackElo "558"]
[TimeControl "300"]
[EndTime "11:25:37 PDT"]
[Termination "raminguy won by checkmate"]

1. d4 e6 2. Nc3 Qf6 3. Nf3 Nh6 4. e4 d5 5. e5 Qf5 6. h3 Bb4 7. Bd3 Qh5 8. a3 Bxc3+ 9. bxc3 b6 10. Rh2 Ba6 11. g4 Nxg4 12. hxg4 Qxg4 13. Rh1 Bxd3 14. cxd3 Qg2 15. Rg1 Qh3 16. Rxg7 Qg4 17. Rxg4 Nd7 18.
Qa4 Rc8 19. Qxa7 f5 20. exf6 Nxf6 21. Qa4+ Kf7 22. Ne5+ Ke7 23. Rg7+ Kf8 24. Rf7+ Kg8 25.
Rxf6 Rf8 26. Rxf8+ Kxf8 27. Bh6+ Kg8 28. Qe8# 1-0

[Event "Live Chess"]
[Site "Chess.com"]
[Date "2023.05.20"]
[Round "-"]
[White "zdanevych"]
[Black "garyjc"]
[Result "1-0"]
[WhiteElo "1542"]
[BlackElo "1035"]
[TimeControl "300"]
[EndTime "11:25:42 PDT"]
[Termination "zdanevych won by resignation"]

1. d4 Nf6 2. c4 g6 3. Nc3 Bg7 4. e4 O-O 5. e5 Ne8 6. Nf3 d6 7. Bf4 dxe5 8. Bxe5 Bxe5 9. Nxe5 Nc6 10. Nf3 Nf6 11. h3 Be6 12. d5 Bxh3 13. gxh3 Nb4 14. a3 Na6 15. Bg2 c6 16. dxc6 bxc6 17. Qxd8 Raxd8 18. O-O Nc5 19. b4 Nd3 20. Rad1 Nh5 21. Ne4 Nhf4 22. Nc5 Nxg2 23. Nxd3 Rxd3 24. Rxd3 Nf4 25.
Rd7 Nxh3+ 26. Kh2 Nf4 27. Rxe7 f5 28. Rxa7 1-0

[Event "Live Chess"]
[Site "Chess.com"]
[Date "2023.05.20"]
[Round "-"]
[White "SaraTang"]
[Black "GEMdzq"]
[Result "0-1"]
[WhiteElo "156"]
[BlackElo "2202"]
[TimeControl "300"]
[EndTime "11:25:42 PDT"]
[Termination "GEMdzq won by checkmate"]

1. e4 d6 2. Bc4 Nf6 3. Nf3 Nxe4 4. d3 Nf6 5. O-O e6 6. Re1 Be7 7. Nc3 O-O 8. Qe2 Nc6 9. Be3 d5 10. Bb3 d4 11. Bxd4 Nxd4 12. Nxd4 Qxd4 13. Rad1 Bd7 14. Nb5 Bxb5 15. c3 Qg4 16. Qxg4 Nxg4 17. f3 Nf6 18. c4 Bc6 19. a4 Rfd8 20. Ra1 Rxd3 21. Ra3 Bc5+ 22.
Kf1 Bxa3 23. bxa3 Rxb3 24. Ra1 Rd8 25. Kg1 Rd2 26. f4 Rxg2+ 27. Kf1 Rxh2 28. Kg1 Rg2+ 29. Kh1 Rh3# 0-1

[Event "Live Chess"]
[Site "Chess.com"]
[Date "2023.05.20"]
[Round "-"]
[White "Pandreq"]
[Black "domrobson"]
[Result "0-1"]
[WhiteElo "1267"]
[BlackElo "1757"]
[TimeControl "300"]
[EndTime "11:25:47 PDT"]
[Termination "domrobson won by resignation"]

1. d4 Nf6 2. c4 e6 3. Nc3 d5 4. cxd5 exd5 5. Nf3 c6 6. Bg5 Bg4 7. e3 Nbd7 8. Be2 Bb4 9. a3 Bxc3+ 10. bxc3 h6 11. Bh4 Qa5 12. Qc1 Ne4 13. Nd2 Bxe2 14. Nxe4 Bc4 15. Nd6+ Kf8 16. Nxc4 dxc4 17. O-O g5 18.
Bg3 Nf6 19. Be5 Kg7 20. Re1 Rhe8 21. Qd2 Re6 22. Ra2 Kg8 23. Bxf6 Rxf6 24. Rc1 Re8 25. Qe2 b5 26. e4 Rfe6 27. e5 f6 28. f4 gxf4 29.
Qg4+ Kf7 30. Qxf4 Qb6 31. Qxh6 Rxe5 32. Rf1 R5e6 33. Raf2 Ke7 34. Rxf6 Rxf6 35. Qxf6+ Kd7 36. Qf7+ Re7 37. Qf5+ Kc7 38. Qf8 Rd7 39. Rf7 Qa5 40. Rxd7+ Kxd7 41. Qb4 Qxb4 42. axb4 a5 43. bxa5 b4 44.
cxb4 c3 45. Kf1 c2 0-1

[Event "Live Chess"]
[Site "Chess.com"]
[Date "2023.05.20"]
[Round "-"]
[White "CocheseUK"]
[Black "Enhard"]
[Result "0-1"]
[WhiteElo "1094"]
[BlackElo "1441"]
[TimeControl "300"]
[EndTime "11:25:50 PDT"]
[Termination "Enhard won by resignation"]

1. e4 c6 2. d4 d5 3. exd5 cxd5 4. Nc3 Bf5 5. Bf4 a6 6. Nf3 e6 7. Bd3 Bxd3 8. Qxd3 Nc6 9. O-O Nf6 10. Rfe1 Be7 11. Na4 O-O 12. Nc5 Bxc5 13. dxc5 Ne4 14. Nd2 Nxc5 15. Qh3 Qf6 16. Bg3 Nd4 17. Rec1 Ne2+ 0-1

[Event "Live Chess"]
[Site "Chess.com"]
[Date "2023.05.20"]
[Round "-"]
[White "birdseed45"]
[Black "WilliamofOrange16th"]
[Result "1/2-1/2"]
[WhiteElo "1875"]
[BlackElo "1882"]
[TimeControl "300"]
[EndTime "11:26:09 PDT"]
[Termination "Game drawn by repetition"]

1. e4 d6 2. d4 Nf6 3. Nc3 Nbd7 4. Nf3 e5 5. dxe5 dxe5 6. Bc4 Be7 7. O-O O-O 8. Bg5 c6 9. Qd2 Qc7 10. h4 b5 11. Bb3 b4 12. Ne2 Nxe4 13. Qe3 Nxg5 14. Nxg5 Nc5 15. Bc4 Ba6 16. Bxa6 Nxa6 17. Ng3 Bxg5 18. Qxg5 h6 19. Qg4 Qc8 20. Qe4 Qe6 21. a3 c5 22. axb4 Nxb4 23. c3 Nd5 24. Ra5 Rfc8 25. Rfa1 Rc7 26. f4 f6 27. f5 Qe8 28.
Qxd5+ Kh8 29. Ne4 Rd8 30. Qe6 Qh5 31. R5a4 Rcd7 32. Nf2 Qxh4 33. Rxa7 Rxa7 34. Rxa7 Rd1+ 35. Nxd1 Qe1+ 36. Kh2 Qh4+ 37. Kg1 Qe1+ 38. Kh2 Qh4+ 39. Kg1 1/2-1/2

[Event "Live Chess"]
[Site "Chess.com"]
[Date "2023.05.20"]
[Round "-"]
[White "tpm07"]
[Black "LiamClery2020"]
[Result "0-1"]
[WhiteElo "1956"]
[BlackElo "2098"]
[TimeControl "300"]
[EndTime "11:26:09 PDT"]
[Termination "LiamClery2020 won by resignation"]

1. e4 Nf6 2. Nc3 e5 3. Bc4 Nc6 4. d3 Bb4 5. f4 Bxc3+ 6. bxc3 d5 7. exd5 Nxd5 8. fxe5 Nxe5 9. Qh5 Nxc4 10. dxc4 Qe7+ 11. Kf1 Nf6 12. Qg5 Be6 13. Nf3 Bxc4+ 14. Kg1 O-O-O 15.
Be3 h6 16. Qg3 Qxe3+ 0-1

[Event "Live Chess"]
[Site "Chess.com"]
[Date "2023.05.20"]
[Round "-"]
[White "GMHarry-youtube"]
[Black "Delacorta"]
[Result "1-0"]
[WhiteElo "2104"]
[BlackElo "1422"]
[TimeControl "300"]
[EndTime "11:26:17 PDT"]
[Termination "GMHarry-youtube won on time"]

1. e4 e6 2. d4 d5 3. e5 c5 4. c3 Nc6 5. Nf3 Qb6 6. Bd3 c4 7.
Bc2 Nh6 8. Bxh6 gxh6 9. Nh4 Bd7 10. Qc1 O-O-O 11. b4 Nxb4 12. cxb4 Bxb4+ 13. Nd2 Qa5 14. a3 Bc3 15. Rb1 Bxd4 16. O-O Bxe5 17. Ndf3 Bf6 18.
Qxh6 Bxh4 19. Nxh4 d4 20. Be4 b6 21. Qf4 f5 22.
Bf3 e5 23. Qh6 e4 24. Bh5 f4 25. Rfc1 c3 26. Qxf4 Qxh5 27. Qxe4 Kb8 28. Qxd4 Bf5 29. Qe5+ Ka8 30. Qxf5 Qxf5 31. Nxf5 Rd3 32. Rb3 Rhd8 33. Ne3 Rc8 34. Kf1 1-0

[Event "Live Chess"]
[Site "Chess.com"]
[Date "2023.05.20"]
[Round "-"]
[White "mattihelenius2"]
[Black "SavagePawn7"]
[Result "1-0"]
[WhiteElo "491"]
[BlackElo "749"]
[TimeControl "300"]
[EndTime "11:26:17 PDT"]
[Termination "mattihelenius2 won by resignation"]

1. d4 e5 2. e4 exd4 3. Qxd4 Nc6 4.
Qd1 Qf6 5. Qf3 Qxf3 6. Nxf3 Nb4 7. Bd3 d5 8. a3 dxe4 9. Bxe4 Be6 10. axb4 O-O-O 11. Rxa7 Bxb4+ 12. c3 Bc5 13. Bxb7+ Kd7 14. Ne5+ Ke7 15. Nc6+ 1-0

[Event "Live Chess"]
[Site "Chess.com"]
[Date "2023.05.20"]
[Round "-"]
[White "Lewstar1"]
[Black "WelshTiger"]
[Result "0-1"]
[WhiteElo "450"]
[BlackElo "2431"]
[TimeControl "300"]
[EndTime "11:26:22 PDT"]
[Termination "WelshTiger won by checkmate"]

1. e4 c5 2. c3 Nf6 3. d4 Nxe4 4.
dxc5 Nxc5 5. Qh5 d5 6. c4 e6 7.
cxd5 Qxd5 8. Qxd5 exd5 9. Be2 Nc6 10. Nf3 Be6 11. O-O Be7 12. Be3 Rd8 13. b4 Nxb4 14. a3 Nc2 15. Ra2 Nxe3 16. fxe3 d4 17. exd4 Bxa2 18. dxc5 Bxc5+ 19. Kh1 O-O 20. Nc3 Be6 21. Ne4 Bxa3 22. Rb1 Bd5 23. Nc3 Bc6 24. Ne5 Rfe8 25.
Nxc6 bxc6 26. Rb3 Bc5 27. Rb7 Re3 28. Rc7 Rxc3 29. Rxc6 Rc1+ 30. Bf1 Rxf1# 0-1

[Event "Live Chess"]
[Site "Chess.com"]
[Date "2023.05.20"]
[Round "-"]
[White "TobyQuaite"]
[Black "AyannaTang"]
[Result "1-0"]
[WhiteElo "1694"]
[BlackElo "176"]
[TimeControl "300"]
[EndTime "11:26:22 PDT"]
[Termination "TobyQuaite won by checkmate"]

1. e4 e5 2. Nf3 Nf6 3. Nxe5 Nxe4 4. Qe2 d6 5. Nf3 f5 6. d3 d5 7. dxe4 fxe4 8. Nc3 d4 9. Qxe4+ Be7 10. Nxd4 O-O 11.
Bc4+ Kh8 12. Bf1 Bb4 13. Bc4 Bxc3+ 14. bxc3 Bf5 15. Nxf5 Nc6 16. O-O Qd7 17. Be6 Rfd8 18. Bxd7 Rxd7 19. Re1 Rdd8 20. Qg4 Re8 21. Qxg7# 1-0

[Event "Live Chess"]
[Site "Chess.com"]
[Date "2023.05.20"]
[Round "-"]
[White "Jeffaroow"]
[Black "PantherCal"]
[Result "0-1"]
[WhiteElo "460"]
[BlackElo "1835"]
[TimeControl "300"]
[EndTime "11:26:23 PDT"]
[Termination "PantherCal won by resignation"]

1. e4 d5 2. Nf3 dxe4 3. Ng5 Nf6 4. d3 exd3 5. Bxd3 Nc6 6. Bc4 e6 7. Qxd8+ Nxd8 8. Nc3 Be7 9. Nb5 Bd6 10. Nxd6+ cxd6 11. O-O O-O 12. Be3 d5 13. Bb3 Nc6 14. Bc5 Re8 15. Rae1 Bd7 16. c4 dxc4 17. Bxc4 a6 18. a4 Rac8 19. Ba3 Na5 20. Bd3 Bxa4 21. Rc1 Bb3 22. Rxc8 Rxc8 23. Ne4 Nc4 24. Nxf6+ gxf6 25. Bxc4 Rxc4 0-1

[Event "Live Chess"]
[Site "Chess.com"]
[Date "2023.05.20"]
[Round "-"]
[White "DRS44"]
[Black "Salpingidis"]
[Result "0-1"]
[WhiteElo "1399"]
[BlackElo "2309"]
[TimeControl "300"]
[EndTime "11:26:27 PDT"]
[Termination "Salpingidis won on time"]

1. e4 e6 2. d4 d5 3. e5 c5 4. c3 Nc6 5. Nf3 Qb6 6. Bd3 cxd4 7.
cxd4 Bd7 8. O-O Nxd4 9. Nxd4 Qxd4 10. Nc3 a6 11. Qe2 Ne7 12. Kh1 Nc6 13. f4 Bc5 14. Bd2 Nb4 15. Rf3 Nxd3 16. Rxd3 Qf2 17. Qg4 g6 18. Qg5 Be7 19. Qh6 O-O-O 20. Rd1 Kb8 21.
Rf3 Qb6 22. Be3 Qxb2 23. Bd4 Rc8 24. Nxd5 Qe2 25. Rdf1 exd5 26. e6 Bxe6 27. R3f2 Qd3 0-1

[Event "Live Chess"]
[Site "Chess.com"]
[Date "2023.05.20"]
[Round "-"]
[White "luckywookie"]
[Black "McSlash1"]
[Result "0-1"]
[WhiteElo "729"]
[BlackElo "2053"]
[TimeControl "300"]
[EndTime "11:26:29 PDT"]
[Termination "McSlash1 won by checkmate"]

1. e4 c5 2. c3 d5 3. exd5 Qxd5 4. d4 Nf6 5. Nf3 Bf5 6. Na3 Nc6 7. Be3 e6 8. Nb5 Rc8 9. c4 Qe4 10. Nd6+ Bxd6 11.
dxc5 Bxc5 12. Bd3 Qxd3 13. Qxd3 Bxd3 14. Rd1 Bxe3 15. fxe3 Bxc4 16. Nd4 Nxd4 17. Rxd4 O-O 18. b3 Bd5 19. O-O Rc2 20. a4 Rxg2+ 21. Kh1 Rg4+ 22.
e4 Nxe4 23. Rxd5 exd5 24. Rg1 Nf2# 0-1

[Event "Live Chess"]
[Site "Chess.com"]
[Date "2023.05.20"]
[Round "-"]
[White "hturner40"]
[Black "ClassyChameleon"]
[Result "1-0"]
[WhiteElo "1832"]
[BlackElo "1065"]
[TimeControl "300"]
[EndTime "11:26:31 PDT"]
[Termination "hturner40 won by checkmate"]

1. Nf3 Nc6 2. d4 d5 3. c4 e6 4.
Nc3 Bb4 5. cxd5 exd5 6. Bg5 Bxc3+ 7. bxc3 Nf6 8. e3 O-O 9. Bd3 Qd6 10. Qc2 Ne4 11. Bxe4 dxe4 12. Qxe4 Qa3 13. Qc2 Bf5 14.
Qxf5 Qxc3+ 15. Ke2 Nb4 16. Rhc1 Qb2+ 17. Kd1 Qxf2 18. Nh4 Qg1+ 19. Ke2 Qxh2 20. Qf4 Qxf4 21. Bxf4 Nd5 22. Bxc7 Nxc7 23. Rxc7 b5 24. Nf5 a5 25. Rf1 b4 26. Nd6 f6 27. Nf5 a4 28. Rxg7+ Kh8 29.
Rh1 h5 30. Rxh5# 1-0

[Event "Live Chess"]
[Site "Chess.com"]
[Date "2023.05.20"]
[Round "-"]
[White "mliszewski"]
[Black "friarnator"]
[Result "0-1"]
[WhiteElo "1899"]
[BlackElo "2006"]
[TimeControl "300"]
[EndTime "11:26:32 PDT"]
[Termination "friarnator won by resignation"]

1. d4 Nf6 2. Bf4 e6 3. e3 c5 4. c3 Qb6 5. Qb3 Nc6 6. Nf3 d5 7. Bd3 c4 8. Qxb6 axb6 9. Bc2 b5 10. Nbd2 Nh5 11. Bc7 Kd7 12. Bb6 Ra6 13. Bc5 Bxc5 14. dxc5 f5 15. Nd4 Nf6 16. O-O Na7 17. a4 bxa4 18. Rxa4 Rxa4 19. Bxa4+ Kc7 20. Ra1 e5 21. Nb5+ Nxb5 22. Bxb5 Bd7 23. Bxd7 Kxd7 24. b4 cxb3 25. Nxb3 Kc6 26. Ra7 Rb8 27. h3 Nd7 28. Na5+ Kxc5 29.
Rxb7 Rxb7 30. Nxb7+ Kc4 31. Nd6+ Kxc3 32. Nxf5 g6 33. Ne7 d4 34. exd4 exd4 35. Nd5+ Kc2 36.
Nb4+ Kb3 37. Nd3 Kc3 38. Nf4 d3 39. Kf1 Kd2 40. Nd5 Nc5 41. Ne3 Kc1 42. Ke1 d2+ 43. Ke2 Ne4 44. f3 Nc3+ 45. Kd3 Nd1 46.
Nf1 Nf2+ 47. Ke2 d1=Q+ 48. Kxf2 Qd4+ 0-1

[Event "Live Chess"]
[Site "Chess.com"]
[Date "2023.05.20"]
[Round "-"]
[White "MaximKris"]
[Black "TheSmoulderingMaster"]
[Result "1-0"]
[WhiteElo "1881"]
[BlackElo "1763"]
[TimeControl "300"]
[EndTime "11:26:48 PDT"]
[Termination "MaximKris won by checkmate"]

1. e4 c5 2. Nf3 d6 3. c3 Nf6 4.
Bd3 Nc6 5. O-O Bg4 6. Re1 e5 7. h3 Bh5 8. Bc2 Be7 9. d3 O-O 10. Bg5 d5 11. exd5 Nxd5 12. Bxe7 Qxe7 13. d4 cxd4 14. cxd4 Rad8 15. Qd3 Nf4 16. Qxh7# 1-0

[Event "Live Chess"]
[Site "Chess.com"]
[Date "2023.05.20"]
[Round "-"]
[White "Ninifu"]
[Black "Singapourfeuj"]
[Result "0-1"]
[WhiteElo "1991"]
[BlackElo "2238"]
[TimeControl "300"]
[EndTime "11:26:50 PDT"]
[Termination "Singapourfeuj won on time"]

1. d4 Nf6 2. c4 g6 3. Nc3 Bg7 4. e4 d6 5. f4 O-O 6. Nf3 c5 7. d5 e6 8. Be2 exd5 9. cxd5 Bg4 10. O-O Re8 11. h3 Bxf3 12. Bxf3 Nbd7 13. Be3 b5 14. Qc2 b4 15. Nb5 Qb6 16. Nxd6 Qxd6 17. e5 Nxe5 18.
fxe5 Qxe5 19. Bxc5 Rac8 20. Qf2 Nd7 21. Rae1 Qxb2 22. Rxe8+ Rxe8 23. Qxb2 Bxb2 24. Bxb4 Bd4+ 25. Kh1 f5 26. Re1 Rxe1+ 27. Bxe1 Ne5 28. Bd1 Nd3 29. Bh4 g5 30. Bc2 Nb4 0-1

[Event "Live Chess"]
[Site "Chess.com"]
[Date "2023.05.20"]
[Round "-"]
[White "MJMykh"]
[Black "Davidagye"]
[Result "0-1"]
[WhiteElo "1033"]
[BlackElo "1675"]
[TimeControl "300"]
[EndTime "11:26:51 PDT"]
[Termination "Davidagye won by checkmate"]

1. e4 e5 2. Nf3 Nc6 3. Nc3 Nf6 4. Bc4 Nxe4 5. Nxe4 d5 6. Bd3 dxe4 7. Bxe4 Bd6 8.
Bxc6+ bxc6 9. O-O e4 10. Ne1 Qh4 11. h3 Bxh3 12. f3 Bc5+ 13. Kh2 Bg4# 0-1

[Event "Live Chess"]
[Site "Chess.com"]
[Date "2023.05.20"]
[Round "-"]
[White "seuen"]
[Black "LGC4YOU"]
[Result "0-1"]
[WhiteElo "1141"]
[BlackElo "1185"]
[TimeControl "300"]
[EndTime "11:27:05 PDT"]
[Termination "LGC4YOU won by checkmate"]

1. e4 c5 2. c4 Nc6 3. Nc3 e6 4. d3 Nge7 5. Be2 a6 6. Nf3 g6 7. Be3 b6 8. O-O Bg7 9. Qd2 O-O 10. Bh6 f5 11. Bxg7 Kxg7 12. e5 Qc7 13. Qg5 Rf7 14. Qg3 Bb7 15. Ng5 Rff8 16. Qh4 Rh8 17. Nf3 Nxe5 18. Qxe7+ Kh6 19. Qg5+ Kg7 20. Nxe5 Qxe5 21.
Rfe1 Rae8 22. Bf3 Qc7 23. Bxb7 Qxb7 24. Rad1 h6 25. Qg3 h5 26. Qe5+ Kf7 27. d4 cxd4 28. Qxd4 h4 29. Qxd7+ Qxd7 30. Rxd7+ Kf6 31. Rd6 h3 32. Nd5+ Kg5 33. Rdxe6 Rd8 34. g3 b5 35. b3 bxc4 36. bxc4 Rb8 37. Rxa6 Rb2 38. a4 Rc8 39. Rc1 Re2 40. Kf1 Rce8 41. Ne3 Rd2 42. c5 f4 43.
gxf4+ Kxf4 44. c6 Rxe3 45. fxe3+ Kxe3 46. Re1+ Kf3 47. Rc1 Rxh2 48. c7 Rh1# 0-1

[Event "Live Chess"]
[Site "Chess.com"]
[Date "2023.05.20"]
[Round "-"]
[White "GEMdzq"]
[Black "zdanevych"]
[Result "1-0"]
[WhiteElo "2203"]
[BlackElo "1542"]
[TimeControl "300"]
[EndTime "11:27:11 PDT"]
[Termination "GEMdzq won by resignation"]

1. e4 c5 2. d4 cxd4 3. c3 dxc3 4.
Nxc3 e5 5. Bc4 Nf6 6. Nf3 h6 7. Nxe5 Qe7 8. Nxf7 Nxe4 9. O-O Nc6 10. Nxe4 d6 11.
Nexd6+ 1-0

[Event "Live Chess"]
[Site "Chess.com"]
[Date "2023.05.20"]
[Round "-"]
[White "Richardallis"]
[Black "YF22Raptor"]
[Result "1-0"]
[WhiteElo "1685"]
[BlackElo "1017"]
[TimeControl "300"]
[EndTime "11:27:16 PDT"]
[Termination "Richardallis won by resignation"]

1. d4 d5 2. Nf3 c6 3. c3 Bg4 4. Bg5 Bxf3 5. exf3 h6 6. Bh4 g5 7. Bg3 Nf6 8. Nd2 Bg7 9. Bd3 e6 10. Rc1 Nbd7 11. O-O b6 12. Re1 c5 13. Bb1 c4 14.
Qc2 b5 15. a3 a5 16. f4 gxf4 17. Bxf4 a4 18. Qf5 O-O 19. Qc2 Re8 20. Re3 e5 21. dxe5 Nxe5 22. Bxe5 Rxe5 23. Rxe5 Qd6 24.
Nf3 Ne4 25. Rf5 Ng5 26. Nxg5 hxg5 27. Rxg5 Kf8 28. Re1 Qf6 29. Qf5 Ra6 30. Qc8+ 1-0

[Event "Live Chess"]
[Site "Chess.com"]
[Date "2023.05.20"]
[Round "-"]
[White "Duke_of_Bebington"]
[Black "JoshMcK"]
[Result "0-1"]
[WhiteElo "1573"]
[BlackElo "1536"]
[TimeControl "300"]
[EndTime "11:27:19 PDT"]
[Termination "JoshMcK won by checkmate"]

1. e4 c6 2. d4 d5 3. e5 c5 4. c3 Nc6 5. Ne2 cxd4 6. cxd4 Bf5 7. Nbc3 e6 8. Ng3 Bg6 9. h4 h6 10. Be3 Nge7 11. Bd3 Qb6 12. Bxg6 Nxg6 13. Qd2 Bb4 14.
O-O O-O 15. h5 Nge7 16. Nge2 Nf5 17. a3 Bxc3 18. bxc3 Nxe3 19. Qxe3 Ne7 20. Rfb1 Qc7 21. g4 b6 22. f4 Rac8 23. Rc1 Qd8 24. Ng3 Kh8 25. Kh2 f5 26. Qf3 fxg4 27. Qxg4 Nf5 28. Nxf5 Rxf5 29. Rg1 Rc7 30. Qg6 Qh4+ 31. Kg2 Rxf4 32.
Qe8+ Kh7 33. Qg6+ Kg8 34. Qe8+ Rf8 35. Qxe6+ Rcf7 36. Raf1 Qg5+ 37. Kh1 Qxh5+ 38. Kg2 Qg5+ 39. Kh2 Qh4+ 40. Kg2 Qe4+ 41. Rf3 Kh8 42. Rf1 Rxf3 43. Rh1 Rf2+ 44. Kg1 Qg2# 0-1

[Event "Live Chess"]
[Site "Chess.com"]
[Date "2023.05.20"]
[Round "-"]
[White "OceanFloater"]
[Black "bedsdrout"]
[Result "1-0"]
[WhiteElo "961"]
[BlackElo "378"]
[TimeControl "300"]
[EndTime "11:27:29 PDT"]
[Termination "OceanFloater won by checkmate"]

1. e4 e5 2. Nf3 Bb4 3. c3 Bc5 4. d4 Bb6 5. dxe5 Qe7 6. Bg5 Qc5 7. Qe2 f6 8. exf6 gxf6 9. Bh4 f5 10. exf5+ Ne7 11. Bxe7 d6 12. Bf6+ Kf8 13. Bxh8 Kf7 14. Ng5+ Kf8 15. Nxh7+ Kg8 16. Nf6+ Kf7 17. Qh5+ Kf8 18.
Qh6+ Ke7 19. Qg7+ Kd8 20. Qf8# 1-0

[Event "Live Chess"]
[Site "Chess.com"]
[Date "2023.05.20"]
[Round "-"]
[White "seabuck"]
[Black "Missedidea"]
[Result "0-1"]
[WhiteElo "1846"]
[BlackElo "1717"]
[TimeControl "300"]
[EndTime "11:27:38 PDT"]
[Termination "Missedidea won by checkmate"]

1. d4 Nf6 2. c4 g6 3. Nc3 Bg7 4. e4 d6 5. Be2 O-O 6. Nf3 e5 7.
O-O Nc6 8. dxe5 dxe5 9. Be3 Ng4 10. Bc5 Re8 11. h3 Nf6 12. a3 h6 13. Be3 Be6 14.
Qc2 Qe7 15. b4 b6 16. b5 Na5 17. Nd5 Bxd5 18. cxd5 Rac8 19. Rfd1 Kh7 20. Qc3 Nh5 21. Rac1 Nf4 22. Bf1 f5 23. exf5 gxf5 24. Bxf4 exf4 25. Qc2 Qf6 26. Bd3 Rf8 27. Re1 Rce8 28. Rxe8 Rxe8 29.
Bxf5+ Kh8 30. Be6 Re7 31. Qd3 Nb7 32. Nd4 Nc5 33. Rxc5 bxc5 34. Nf5 Re8 35. Qc4 Qa1+ 36. Kh2 Qe5 37. f3 Rxe6 38. Nxg7 Rg6 39. Ne6 Qb2 40. Nxf4 Qe5 41. Kh1 Rg7 42. Ne6 Qe1+ 43. Kh2 Qg3+ 44. Kg1 Qxg2# 0-1

[Event "Live Chess"]
[Site "Chess.com"]
[Date "2023.05.20"]
[Round "-"]
[White "bristolunichess"]
[Black "whitedjohn"]
[Result "1-0"]
[WhiteElo "1843"]
[BlackElo "1670"]
[TimeControl "300"]
[EndTime "11:27:38 PDT"]
[Termination "bristolunichess won by checkmate"]

1. e4 Nf6 2. e5 Nd5 3. c4 Nb6 4. d4 d6 5. exd6 exd6 6. f4 Be7 7. Nf3 O-O 8. Nc3 Bg4 9. b3 Nc6 10. Be2 d5 11. c5 Nc8 12. Ne5 Bxe2 13. Nxe2 Bf6 14. O-O N6e7 15. g4 g6 16. f5 c6 17.
Bh6 Re8 18. Nf4 Bxe5 19. dxe5 gxf5 20. gxf5 Nxf5 21. Qg4+ Ng7 22. Qxg7# 1-0

[Event "Live Chess"]
[Site "Chess.com"]
[Date "2023.05.20"]
[Round "-"]
[White "WilliamofOrange16th"]
[Black "ReceptiveCamel"]
[Result "1-0"]
[WhiteElo "1882"]
[BlackElo "626"]
[TimeControl "300"]
[EndTime "11:27:46 PDT"]
[Termination "WilliamofOrange16th won by checkmate"]

1. b3 e5 2. Bb2 Nf6 3. Bxe5 Ng4 4. Bb2 Bc5 5. e3 Nxf2 6. Kxf2 Qf6+ 7. Bxf6 gxf6 8. d4 Bb4 9. c3 Ba3 10. Nd2 Bb2 11.
Rb1 Bxc3 12. Bc4 Bxd2 13. Qxd2 d6 14. Nf3 Bg4 15. e4 Bxf3 16. gxf3 O-O 17. Qh6 c5 18. Rhg1+ Kh8 19. Qxf6# 1-0

[Event "Live Chess"]
[Site "Chess.com"]
[Date "2023.05.20"]
[Round "-"]
[White "Singapourfeuj"]
[Black "Davidagye"]
[Result "1-0"]
[WhiteElo "2239"]
[BlackElo "1674"]
[TimeControl "300"]
[EndTime "11:27:46 PDT"]
[Termination "Singapourfeuj won by resignation"]

1. d4 Nf6 2. Nc3 e5 3. dxe5 Ng4 4. Bf4 Nc6 5. Nf3 Bb4 6. e3 Qe7 7. Be2 Ncxe5 8. O-O a5 9. Nd5 Qe6 10. Nxc7+ Kf8 11. Nxe6+ 1-0